Map: Neon Violet Square LE

Players

fruitcake - Winner!

  • Race: Protoss Protoss
  • Spawn Location: 11:00

A.I. 1 (Very Hard)

  • Race: Zerg Zerg
  • Spawn Location: 5:00

VOD

Have the link to the VOD?

Description

Time

  • Played on: May 6, 2018, 9:16 a.m.
  • Length: 29:17
Show
View Real Time Build Order
Export as new Build Order

fruitcake Protoss - Winner!

Build Orders: Zealot Archon 

Get SALT Encoding   

  1  0:00  Probe  
  12  0:05  Probe  
  14  0:22  Pylon, Probe  
  15  0:33  Assimilator  
  15  0:40  Probe  
  16  0:47  Gateway  
  16  0:51  Probe  
  16  0:53  Assimilator  
  17  0:59  Probe  
  18  1:08  Probe  
  19  1:23  Gateway  
  19  1:30  Probe  
  20  1:35  Zealot  
  22  1:44  Cybernetics Core  
  22  1:49  Pylon  
  22  1:58  Probe  
  23  2:07  Zealot  
  25  2:12  Zealot  
  25  2:13  Warp Gate  
  25  2:14  Probe  
  25  2:15  Pylon  
  28  2:45  Robotics Facility  
  28  2:52  Stalker  
  28  2:53  Stalker  
  32  3:00  Pylon  
  32  3:06  Probe  
  33  3:22  Stalker  
  35  3:28  Pylon  
  35  3:37  Immortal  
  35  3:41  Stalker  
  41  3:52  Pylon  
  41  4:21  Twilight Council  
  41  4:25  Pylon, Stalker  
  43  4:42  Nexus  
  43  4:50  Adept  
  45  5:06  Forge  
  45  5:31  Shield Battery  
  45  5:35  Immortal  
  49  5:49  Templar Archives  
  49  5:56  Protoss Ground Weapons Level 1  
  49  6:04  Pylon, Probe  
  49  6:08  Probe  
  50  6:12  Probe  
  50  6:16  Probe  
  52  6:19  Immortal  
  52  6:21  Probe  
  58  6:26  Probe  
  58  6:32  Psionic Storm  
  59  6:33  Probe  
  59  6:34  High Templar x2  
  64  6:40  Archon  
  64  6:54  Probe  
  64  6:58  Probe  
  66  7:03  Probe, Immortal  
  71  7:17  Assimilator  
  71  7:21  High Templar  
  71  7:22  Assimilator  
  73  7:38  Probe  
  74  7:50  Probe  
  75  7:59  High Templar  
  75  8:00  High Templar, Nexus  
  75  8:02  Probe  
  75  8:03  Charge  
  80  8:10  Immortal  
  84  8:21  Gateway  
  84  8:24  Gateway  
  84  8:27  Gateway  
  84  8:41  High Templar  
  84  8:45  Archon  
  86  8:51  Probe  
  87  9:03  Probe  
  87  9:04  Probe  
  89  9:15  Probe  
  89  9:16  Probe  
  79  9:21  High Templar x2  
  77  9:27  Probe  
  74  9:42  Shield Battery  
  74  9:45  Immortal  
  78  10:01  Probe  
  78  10:04  Assimilator  
  79  10:08  Assimilator  
  79  10:14  Resonating Glaives, Immortal  
  79  10:16  High Templar x2  
  79  10:17  High Templar  
  85  10:26  Probe  
  89  10:34  Probe  
  91  10:44  Probe x2  
  92  10:51  Immortal  
  92  10:56  Probe  
  97  11:06  High Templar x3  
  97  11:07  High Templar  
  97  11:08  Probe  
  97  11:11  Archon x2  
  106  11:22  Pylon  
  106  11:23  Pylon  
  106  11:28  Pylon  
  106  11:29  Immortal  
  106  11:30  Pylon  
  106  11:37  Pylon  
  106  11:38  Pylon  
  110  11:42  Pylon  
  110  11:56  High Templar x5  
  110  12:01  Archon  
  120  12:02  Archon  
  120  12:10  Immortal  
  124  12:20  Gateway  
  124  12:22  Gateway  
  124  12:29  Zealot x5  
  134  12:40  Immortal  
  134  12:48  Nexus  
  138  13:03  Protoss Ground Weapons Level 2  
  138  13:10  Zealot x5  
  148  13:19  Assimilator  
  148  13:23  Assimilator  
  148  13:26  Probe x2  
  150  13:30  High Templar x2  
  154  13:37  Archon  
  154  13:42  High Templar x2  
  154  13:43  High Templar x3  
  119  14:22  Pylon  
  119  14:24  Pylon, Stalker  
  119  14:25  Stalker x5  
  119  14:26  Pylon, Stalker  
  133  14:59  Stalker  
  135  15:00  Stalker x6  
  135  15:01  Immortal  
  151  15:35  Probe  
  156  15:44  High Templar x4  
  156  15:45  High Templar x3  
  170  16:01  Immortal  
  170  16:17  Zealot x6  
  170  16:18  Zealot  
  184  16:36  Gateway  
  184  16:39  Gateway  
  184  16:40  Gateway, Warp Prism  
  184  16:43  Gateway  
  110  17:54  High Templar x2  
  110  18:01  High Templar  
  110  18:02  High Templar x6  
  110  18:03  Protoss Ground Weapons Level 3  
  124  18:08  Archon x2  
  124  18:09  Archon  
  124  18:15  Probe  
  125  18:35  Zealot x6  
  125  18:36  Zealot  
  139  18:50  Immortal  
  143  19:02  Zealot x2  
  147  19:03  Zealot  
  147  19:04  Zealot x2  
  147  19:05  Zealot x4  
  147  19:07  Zealot  
  163  19:13  High Templar  
  165  19:29  Immortal  
  98  20:02  Stalker x3  
  98  20:03  Stalker x4  
  98  20:04  Stalker x4  
  112  20:08  Immortal  
  116  20:34  Zealot  
  118  20:35  Zealot  
  118  20:36  Zealot  
  118  20:37  Zealot x2  
  112  20:47  Immortal  
  94  20:52  Stalker x4  
  94  20:53  Stalker  
  92  21:14  High Templar  
  92  21:15  High Templar x3  
  92  21:17  High Templar  
  98  21:22  Archon x2  
  90  21:33  High Templar  
  90  21:34  High Templar x2  
  90  21:39  Archon  
  96  21:56  Zealot x5  
  96  21:57  Zealot x3  
  112  22:02  Immortal  
  116  22:16  Protoss Ground Armor Level 1  
  92  22:41  Zealot, Immortal  
  92  22:42  Zealot x2  
  92  22:43  Zealot  
  92  22:44  Zealot x3  
  96  23:13  Stalker x5  
  96  23:14  Stalker x5  
  106  23:42  Immortal  
  106  23:44  Zealot  
  106  23:45  Zealot x2  
  92  24:21  Immortal  
  94  24:27  Zealot x2  
  94  24:28  Zealot  
  94  25:01  Immortal  
Show
View Real Time Build Order
Export as new Build Order

A.I. 1 (Very Hard) Zerg 

Build Orders: Pool First 

Get SALT Encoding   

  12  0:00  Drone  
  13  0:13  Overlord  
  13  0:18  Drone  
  14  0:31  Drone x2  
  16  0:44  Spawning Pool  
  16  0:46  Drone  
  16  0:50  Drone  
  17  1:12  Hatchery  
  17  1:15  Drone  
  17  1:18  Extractor  
  16  1:20  Drone  
  16  1:24  Drone  
  18  1:28  Drone  
  19  1:38  Overlord  
  19  1:49  Drone  
  19  1:51  Queen  
  22  2:00  Zergling x2  
  23  2:03  Extractor  
  22  2:11  Drone  
  23  2:21  Drone  
  24  2:23  Drone  
  24  2:27  Queen  
  27  2:32  Drone  
  27  2:34  Drone  
  29  2:45  Roach Warren  
  29  2:47  Drone  
  29  2:50  Drone  
  30  2:54  Zergling x2  
  30  2:57  Zergling x2  
  32  3:03  Overlord  
  32  3:06  Drone  
  32  3:10  Drone  
  34  3:25  Roach x2  
  34  3:26  Roach  
  40  3:28  Roach  
  40  3:33  Lair  
  42  3:38  Overlord  
  42  3:43  Overlord  
  42  3:45  Zergling x2  
  43  3:48  Zergling x2  
  44  3:56  Zergling x2, Drone x2  
  44  3:59  Drone  
  44  4:01  Drone  
  49  4:04  Drone  
  49  4:09  Overlord  
  50  4:12  Roach  
  50  4:16  Roach  
  54  4:20  Roach  
  54  4:23  Roach  
  58  4:26  Overlord  
  58  4:32  Hydralisk Den  
  58  4:33  Drone  
  58  4:35  Drone  
  58  4:37  Drone  
  60  4:41  Roach  
  60  4:44  Roach  
  64  4:48  Overlord  
  64  5:02  Drone  
  64  5:03  Hydralisk x3  
  64  5:06  Hydralisk  
  73  5:08  Drone  
  73  5:10  Drone  
  73  5:14  Overlord  
  75  5:16  Drone  
  75  5:18  Drone  
  75  5:20  Drone  
  78  5:22  Drone  
  78  5:23  Drone  
  78  5:26  Drone  
  81  5:31  Drone x2  
  83  5:36  Overlord  
  83  5:37  Drone x2  
  83  5:40  Hydralisk  
  83  5:41  Ravager  
  88  5:43  Hydralisk  
  88  5:45  Ravager  
  91  5:54  Hydralisk  
  91  5:55  Roach, Infestation Pit  
  94  5:59  Overlord  
  94  6:01  Drone  
  95  6:07  Hydralisk  
  97  6:11  Extractor  
  97  6:12  Roach  
  97  6:16  Drone, Extractor  
  97  6:17  Overlord  
  97  6:18  Roach  
  100  6:31  Evolution Chamber  
  99  6:33  Infestor  
  99  6:34  Drone x2  
  99  6:35  Drone, Evolution Chamber  
  99  6:36  Overlord  
  99  6:37  Drone  
  99  6:38  Drone  
  105  6:40  Drone x2  
  105  6:42  Infestor  
  109  6:51  Metabolic Boost  
  109  6:56  Evolution Chamber  
  109  6:58  Drone, Spine Crawler  
  109  6:59  Drone  
  109  7:00  Zerg Melee Weapons Level 1  
  109  7:05  Drone, Spine Crawler  
  109  7:12  Overseer  
  109  7:15  Zerg Missile Weapons Level 1  
  109  7:28  Drone, Hatchery  
  109  7:29  Zerg Ground Armor Level 1  
  109  7:31  Overlord  
  109  7:32  Roach  
  109  7:35  Hydralisk  
  113  7:40  Hydralisk  
  115  7:44  Spore Crawler  
  115  7:45  Drone, Hydralisk  
  115  7:46  Spore Crawler  
  115  7:47  Drone  
  115  7:50  Hydralisk, Overlord  
  119  8:05  Lurker Den  
  119  8:07  Spine Crawler  
  117  8:26  Queen  
  119  8:30  Queen  
  119  8:32  Overlord  
  121  8:40  Drone x3  
  121  8:41  Drone x4  
  126  8:42  Drone x4  
  126  8:43  Drone x4  
  126  8:44  Drone  
  126  8:47  Drone  
  126  8:48  Drone x2  
  140  8:49  Extractor  
  140  8:51  Drone, Overlord  
  140  8:52  Drone  
  141  9:00  Zerg Melee Weapons Level 2  
  141  9:02  Hive  
  141  9:05  Zergling x4  
  141  9:06  Zergling x4  
  141  9:07  Zergling x4  
  137  9:11  Zergling x2  
  137  9:16  Drone, Hydralisk  
  132  9:18  Hydralisk  
  132  9:19  Roach, Hydralisk  
  132  9:22  Roach  
  132  9:23  Hydralisk  
  122  9:24  Roach  
  122  9:25  Roach  
  122  9:28  Roach, Zergling x2  
  116  9:33  Roach  
  118  9:38  Hydralisk  
  118  9:39  Roach  
  118  9:43  Hydralisk  
  118  9:44  Ravager  
  125  9:46  Extractor  
  125  9:47  Hydralisk  
  125  9:48  Roach  
  125  9:50  Roach  
  125  9:51  Roach  
  133  9:52  Ravager  
  133  9:54  Roach  
  133  9:55  Roach  
  133  9:57  Lurker, Roach, Hydralisk x2  
  144  10:01  Hydralisk, Overlord  
  146  10:08  Lurker  
  146  10:11  Hydralisk  
  149  10:23  Viper, Spine Crawler  
  149  10:24  Overlord  
  151  10:35  Spine Crawler  
  150  10:36  Viper  
  150  10:37  Spore Crawler  
  152  10:45  Zerg Missile Weapons Level 2  
  152  10:47  Hatchery  
  151  10:50  Spine Crawler  
  151  10:51  Spine Crawler  
  149  10:57  Spine Crawler  
  149  11:00  Zerg Ground Armor Level 2  
  148  11:20  Zerg Melee Weapons Level 3  
  148  11:30  Spore Crawler  
  148  11:32  Spore Crawler  
  146  11:34  Spore Crawler  
  146  11:35  Spine Crawler  
  146  11:37  Drone  
  145  11:43  Spine Crawler  
  145  11:44  Drone  
  145  11:45  Spore Crawler  
  145  11:46  Drone  
  145  11:48  Spine Crawler  
  145  11:49  Drone  
  145  11:51  Spore Crawler, Overseer, Drone  
  145  11:59  Overseer  
  145  12:00  Drone x3  
  145  12:01  Drone x4  
  150  12:02  Drone x5  
  150  12:03  Drone x4, Pneumatized Carapace  
  150  12:05  Extractor  
  150  12:06  Drone  
  150  12:07  Hatchery  
  160  12:08  Drone  
  160  12:11  Overlord  
  160  12:14  Ultralisk Cavern  
  160  12:15  Drone  
  161  12:17  Spore Crawler  
  161  12:18  Drone  
  161  12:32  Extractor  
  161  12:33  Drone  
  161  12:35  Spine Crawler  
  161  12:36  Drone  
  161  13:01  Ultralisk  
  161  13:02  Ultralisk x3, Overlord  
  161  13:03  Ultralisk  
  191  13:13  Spore Crawler, Drone  
  191  13:18  Ultralisk  
  191  13:19  Zerg Missile Weapons Level 3, Hydralisk  
  197  13:25  Queen  
  197  13:26  Extractor  
  200  13:32  Drone, Extractor  
  200  13:36  Spore Crawler  
  200  13:37  Drone  
  200  13:51  Roach, Zergling x2, Drone  
  200  13:52  Zergling x6  
  200  13:53  Zergling x2  
  200  13:54  Zergling x2  
  200  13:55  Zergling x4  
  199  13:56  Roach, Zergling x4  
  199  13:57  Roach x2  
  199  13:58  Roach x2  
  199  13:59  Roach x4  
  199  14:00  Roach x3, Hydralisk x3  
  199  14:02  Roach  
  184  14:03  Hydralisk  
  184  14:06  Hydralisk  
  184  14:07  Hatchery  
  184  14:08  Drone  
  180  14:11  Overlord  
  180  14:12  Overseer  
  180  14:13  Hydralisk  
  180  14:15  Hydralisk  
  184  14:18  Hydralisk  
  184  14:20  Hydralisk  
  184  14:23  Hydralisk  
  190  14:25  Hydralisk  
  190  14:28  Hydralisk  
  190  14:30  Hydralisk  
  196  14:32  Hydralisk  
  196  14:34  Hydralisk  
  200  14:49  Spine Crawler  
  200  14:50  Drone  
  200  14:51  Spine Crawler  
  199  14:53  Drone  
  200  15:00  Zerg Ground Armor Level 3  
  200  15:01  Glial Reconstitution  
  200  15:18  Spore Crawler  
  200  15:20  Drone  
  200  15:28  Spine Crawler  
  200  15:29  Drone  
  200  15:30  Spore Crawler  
  200  15:31  Drone  
  200  15:33  Spore Crawler, Drone  
  200  15:34  Spine Crawler  
  200  15:35  Drone, Spine Crawler  
  200  15:37  Drone  
  200  15:38  Spore Crawler  
  200  15:39  Drone  
  200  16:00  Adrenal Glands  
  200  16:02  Chitinous Plating  
  200  16:11  Drone, Spine Crawler  
  199  16:15  Drone x2, Spore Crawler, Hatchery  
  200  16:18  Spire  
  200  16:19  Spore Crawler, Drone  
  200  16:20  Drone  
  200  16:21  Spore Crawler, Drone  
  200  16:23  Spore Crawler  
  200  16:24  Drone  
  200  16:37  Burrow  
  200  16:47  Tunneling Claws  
  200  16:57  Roach, Zergling x2  
  200  16:58  Roach, Zergling x2  
  200  16:59  Zergling x4  
  200  17:00  Zergling x6, Hydralisk  
  200  17:01  Roach, Zergling x2, Hydralisk x4  
  196  17:02  Zergling x2, Hydralisk x5  
  196  17:03  Hydralisk x4  
  196  17:04  Hydralisk  
  196  17:06  Spine Crawler  
  196  17:07  Drone  
  196  17:08  Roach, Spore Crawler  
  144  17:09  Drone  
  144  17:11  Drone, Spine Crawler  
  144  17:14  Spore Crawler  
  131  17:16  Drone  
  131  17:18  Ultralisk  
  138  17:26  Ultralisk  
  138  17:27  Zergling x2  
  138  17:28  Hydralisk  
  147  17:31  Hydralisk  
  147  17:33  Hydralisk  
  150  17:40  Ultralisk  
  156  17:47  Ultralisk  
  162  17:53  Spine Crawler  
  162  17:55  Drone, Spine Crawler  
  162  17:57  Drone  
  162  18:02  Ultralisk  
  162  18:04  Roach  
  172  18:05  Roach  
  172  18:07  Overlord  
  172  18:10  Roach  
  174  18:15  Ultralisk  
  174  18:17  Viper  
  174  18:19  Viper  
  186  18:26  Ultralisk  
  192  18:32  Ultralisk  
  198  18:38  Hatchery  
  198  18:39  Drone  
  198  18:40  Roach  
  200  18:56  Spore Crawler  
  200  18:57  Drone  
  200  18:58  Spore Crawler  
  200  18:59  Drone  
  200  19:15  Drone, Spine Crawler  
  200  19:17  Spore Crawler  
  200  19:18  Drone  
  200  19:26  Baneling Nest  
  200  19:28  Drone  
  200  19:39  Spine Crawler  
  200  19:40  Drone  
  200  19:42  Spine Crawler  
  200  19:43  Drone  
  200  19:45  Spine Crawler  
  200  19:46  Drone  
  200  19:48  Roach, Infestor x2  
  200  19:51  Roach x2  
  200  19:52  Roach  
  199  19:53  Roach  
  199  19:54  Roach x2, Zergling x2  
  199  19:55  Roach x2, Zergling x6  
  199  19:56  Roach x3, Hydralisk x3  
  199  19:57  Roach, Ravager, Hydralisk, Infestor  
  199  19:58  Infestor  
  199  19:59  Pathogen Glands  
  192  20:01  Roach  
  192  20:02  Hydralisk  
  192  20:04  Ultralisk, Hydralisk  
  158  20:07  Overseer  
  158  20:09  Overlord  
  158  20:11  Overlord  
  158  20:13  Overlord  
  158  20:15  Baneling  
  158  20:31  Zergling x2, Overlord  
  158  20:32  Zergling x4  
  158  20:34  Zergling x6, Hydralisk  
  158  20:35  Lurker, Zergling x4, Overseer  
  167  20:36  Zergling x2  
  167  20:38  Roach  
  167  20:40  Zergling x2  
  167  20:41  Hydralisk x3  
  163  20:44  Ultralisk  
  163  20:46  Roach  
  163  20:47  Roach  
  163  20:49  Roach x2  
  142  20:51  Roach  
  142  20:52  Roach  
  142  20:54  Roach  
  142  20:55  Neural Parasite, Hydralisk  
  140  20:57  Hydralisk  
  140  20:59  Hydralisk  
  140  21:00  Zergling x2  
  140  21:02  Roach  
  140  21:03  Infestor  
  131  21:05  Roach x2, Infestor  
  131  21:07  Zergling x4  
  131  21:09  Zergling x4  
  131  21:10  Zergling x2  
  131  21:11  Zergling x2  
  131  21:12  Zergling x2  
  131  21:13  Zergling x2  
  131  21:14  Zergling x2  
  131  21:15  Hydralisk  
  131  21:17  Hydralisk  
  137  21:20  Roach  
  137  21:22  Hydralisk  
  137  21:23  Roach  
  137  21:25  Zergling x2, Hydralisk  
  141  21:26  Overlord  
  141  21:28  Roach  
  141  21:29  Roach  
  141  21:30  Roach  
  141  21:32  Roach  
  128  21:33  Roach  
  128  21:34  Roach  
  128  21:35  Zergling x2  
  128  21:36  Zergling x2  
  128  21:37  Zergling x2  
  128  21:38  Zergling x4  
  128  21:41  Overlord  
  128  21:47  Overlord  
  123  21:55  Drone  
  123  21:59  Roach, Zergling x2, Drone x3  
  123  22:00  Zergling x2  
  129  22:02  Zergling x2  
  129  22:06  Roach, Zergling x2, Drone, Hydralisk x2, Overlord  
  137  22:12  Hydralisk  
  137  22:13  Hydralisk  
  137  22:14  Zergling x2  
  137  22:15  Zergling x2  
  137  22:16  Zergling x4  
  137  22:17  Zergling x4  
  137  22:18  Hatchery, Hydralisk  
  137  22:20  Drone  
  137  22:21  Infestor  
  127  22:23  Roach  
  127  22:25  Roach  
  127  22:26  Hydralisk  
  127  22:27  Roach  
  127  22:28  Roach  
  127  22:29  Drone  
  114  22:31  Roach  
  114  22:32  Roach  
  114  22:34  Infestor  
  114  22:35  Zergling x2  
  114  22:36  Zergling x2  
  118  22:37  Zergling x2  
  118  22:38  Zergling x2  
  118  22:39  Roach  
  118  22:41  Roach  
  118  22:42  Zergling x2  
  118  22:43  Zergling x2  
  115  22:44  Zergling x2  
  115  22:45  Zergling x2  
  115  22:46  Hydralisk  
  115  22:48  Zergling x2  
  115  22:49  Zergling x2  
  115  22:51  Hydralisk  
  114  22:53  Hydralisk  
  114  22:55  Drone  
  114  22:56  Drone  
  114  22:57  Drone  
  109  22:58  Hydralisk  
  109  23:01  Roach  
  109  23:02  Roach  
  109  23:04  Roach  
  103  23:06  Roach  
  103  23:07  Roach  
  103  23:08  Roach  
  103  23:09  Drone  
  103  23:10  Drone  
  101  23:17  Drone  
  101  23:18  Zergling x2, Drone  
  101  23:19  Zergling x2  
  99  23:20  Drone  
  99  23:22  Hydralisk  
  99  23:23  Drone  
  99  23:25  Hydralisk  
  89  23:27  Roach, Hydralisk  
  89  23:30  Roach  
  89  23:32  Hydralisk  
  90  23:34  Drone  
  90  23:35  Roach, Hatchery  
  90  23:37  Roach  
  90  23:38  Drone  
  88  23:42  Zergling x2  
  88  23:44  Zergling x2  
  88  23:45  Drone  
  88  23:46  Drone  
  88  23:47  Drone  
  88  23:48  Drone x3  
  93  23:49  Hydralisk  
  93  23:52  Roach  
  91  23:57  Roach  
  88  24:04  Drone x2  
  88  24:05  Drone  
  88  24:08  Drone x4  
  88  24:09  Drone x3, Queen  
  83  24:11  Zergling x2  
  83  24:13  Zergling x2  
  83  24:15  Roach  
  79  24:18  Roach  
  79  24:19  Drone  
  79  24:20  Drone  
  79  24:21  Drone  
  79  24:23  Drone  
  83  24:24  Drone  
  83  24:25  Drone  
  83  24:26  Drone  
  83  24:27  Drone  
  83  24:28  Drone  
  83  24:31  Zergling x2  
  85  24:32  Roach  
  85  24:33  Zergling x2  
  85  24:34  Roach  
  85  24:35  Drone  
  85  24:37  Drone x3  
  77  24:38  Drone  
  77  24:39  Roach, Drone  
  77  24:41  Roach, Drone  
  77  24:42  Drone  
  76  24:47  Drone x2  
  70  24:54  Zergling x2  
  70  24:56  Hatchery  
  69  25:00  Hatchery  
  65  25:15  Drone  
  65  25:16  Lair, Hatchery  
  59  25:26  Drone  
  59  25:27  Drone  
  61  25:34  Drone  
  61  25:35  Drone  
  63  25:37  Drone  
  64  25:49  Drone  
  64  25:50  Drone  
  64  25:52  Zergling x2  
  64  25:53  Zergling x2  
  64  25:54  Drone  
  64  25:56  Drone  
  67  25:58  Drone  
  67  26:00  Drone  
  67  26:01  Drone  
  67  26:03  Roach  
  66  26:06  Roach  
  66  26:08  Roach  
  66  26:09  Roach  
  56  26:22  Hatchery  
  36  26:35  Zergling x2  
  36  26:38  Hatchery  
  32  26:43  Hatchery  
  30  26:53  Hatchery  
  18  27:35  Hatchery  
Tags
 
Add a new tag
Caveats
  • Supply blocks, unpowered buildings, or Contaminate may cause inaccurate times.
  • Supply counts are checked every 10 seconds.